 Dungeon Crawl Stone Soup version 0.26-a0-670-g578ab304f5 (webtiles) character file.

Game seed: 3011727868385521566

75 PentaManta the Ruffian (level 4, -2/35 HPs)
             Began as a Ghoul Artificer on Oct 19, 2020.
             Slain by Natasha (7 damage)
             ... on level 2 of the Dungeon.
             The game lasted 00:02:33 (1657 turns).

PentaManta the Ruffian (Ghoul Artificer)            Turns: 1657, Time: 00:02:33

Health: -2/35      AC: 10    Str: 13 (16) XL:     4   Next: 31%
Magic:  3/3        EV:  3    Int:  5 (6)  God:
Gold:   82         SH:  0    Dex:  8 (9)  Spells: 3/3 levels left

rFire    . . .     SeeInvis .     - Unarmed
rCold    + . .     Faith    .   (no shield)
rNeg     + + +     Spirit   .   a - +0 plate armour
rPois    ∞         Reflect  .   (no helmet)
rElec    .         Harm     .   (no cloak)
rCorr    .         Rampage  .   (no gloves)
MR       .....                  (no boots)
Stlth    ..........             (no amulet)
HPRegen  0.00/turn              (no ring)
MPRegen  0.08/turn              (no ring)

@: no status effects
A: rotting body, claws 1, cold resistance 1, negative energy resistance 3,
inhibited regeneration, torment resistance, unbreathing
a: no special abilities


You were on level 2 of the Dungeon.
You visited 1 branch of the dungeon, and saw 2 of its levels.

You collected 82 gold pieces.

Inventory:

Armour
 a - a +0 plate armour (worn)
 b - a +0 leather armour
Wands
 c - a wand of flame (15)
 d - a wand of enslavement (15)
 e - a wand of random effects (15)
Scrolls
 m - 2 scrolls of identify
 o - a scroll of fear
 p - a scroll of magic mapping


   Skills:
 - Level 1.1 Fighting
 - Level 1.7 Armour
 - Level 0.8 Dodging
 - Level 1.1 Stealth
 + Level 4.2 Unarmed Combat
 - Level 2.6 Evocations


You had 3 spell levels left.
You didn't know any spells.
Your spell library was empty.

Dungeon Overview and Level Annotations

Branches:
Dungeon (2/15)

Altars:

Annotations:
D:2 1 runed translucent door, Crazy Yiuf, Natasha


Innate Abilities, Weirdness & Mutations

Your body is rotting away.
You thrive by killing the living.
You are immune to poison.
You have sharp fingernails.
Your flesh is cold resistant. (rC+)
You are immune to negative energy. (rN+++)
You do not regenerate when monsters are visible.
You are immune to unholy pain and torment.
You can survive without breathing.


Message History

The shadow imp hits you but does no damage.
Natasha mumbles some strange words.
The shadow imp hits you but does no damage.
Natasha wildly gestures.
Natasha's front paws start to glow.
Natasha claws you.
* * * LOW HITPOINT WARNING * * *
You barely miss Natasha.
Natasha is severely wounded.
Natasha claws you but does no damage.
You closely miss Natasha.
Natasha is severely wounded.
The shadow imp hits you but does no damage.
Natasha claws you but does no damage.
The shadow imp hits you but does no damage.
You closely miss Natasha.
Natasha is severely wounded.
The shadow imp hits you but does no damage.
Natasha claws you!
You die...

..............# *,*
###.######.##.# *,* #.#
#(.....# *,* #.#
#.#.##.# *,*
###.#**#,#.##.########**
.....,,,,#...........#
####.,,,,#....$......#
.....,,,,#.....55....#
####.,,,*##....h@....#
## *,,,,* #....5.....#
.# *,,,,* #..........#
.# *,,,,* #..........#
.# *,,,,* #..........#
.# *,,,,* #..........#
.* *,,,,* #..........#
.##****** #..........#
..# ************


You could see Natasha and 3 shadow imps.

Vanquished Creatures
  Natasha (D:2)
  An adder (D:2)
  4 dart slugs (D:1)
  3 leopard geckos
  2 giant cockroaches (D:1)
  3 goblins
  3 hobgoblins (D:1)
  2 jackals (D:2)
  A bat (D:2)
  2 frilled lizards (D:2)
  2 kobolds
  9 rats (D:1)
33 creatures vanquished.

Notes
Turn   | Place    | Note
-------+----------+-------------------------------------------
     0 | D:1      | PentaManta the Ghoul Artificer began the quest for the Orb.
     0 | D:1      | Reached XP level 1. HP: 16/16 MP: 0/0
    83 | D:1      | Reached skill level 1 in Unarmed Combat
   223 | D:1      | Reached XP level 2. HP: 23/23 MP: 1/1
   251 | D:1      | Reached skill level 2 in Unarmed Combat
   529 | D:1      | Reached XP level 3. HP: 27/28 MP: 2/2
   575 | D:1      | Reached skill level 3 in Unarmed Combat
   963 | D:2      | Found a runed translucent door.
   964 | D:2      | Noticed Crazy Yiuf
  1052 | D:2      | Noticed Natasha
  1071 | D:2      | HP: 1/28 [Natasha/magic dart (4)]
  1077 | D:2      | Killed Natasha
  1077 | D:2      | Reached XP level 4. HP: 2/35 MP: 3/3
  1387 | D:2      | Reached skill level 4 in Unarmed Combat
  1634 | D:2      | Noticed Natasha
  1657 | D:2      | Slain by Natasha

Illustrated notes

Levels and vault maps discovered:
D:1:      sevenhm_arrival_forest_fort_small_3, layout_loops_ring,
          minmay_misc_feat_encased
D:2:      layout_basic, uniq_natasha, uniq_crazy_yiuf_cottage

Skill      XL: |  1  2  3  4 |
---------------+-------------+-----
Unarmed Combat | 1 2 3 4 |  4.2
Fighting       | |  1.1
Armour         | |  1.7
Dodging        | |  0.8
Stealth        | |  1.1
Evocations     | |  2.6

Action                   |  1- 3 |  4- 6 || total
-------------------------+-------+-------++-------
Melee: Unarmed           |   127 |    54 ||   181
  Use: Potion            |     6 |       ||     6
       Scroll            |       |     5 ||     5
Armor: Plate armour      |   107 |    38 ||   145
Dodge: Dodged            |    36 |     8 ||    44

Table legend: (Time is in decaauts)
 A = Elapsed time spent in this place.
 B = Non-inter-level travel time spent in this place.
 C = Inter-level travel time spent in this place.
 D = Time resting spent in this place.
 E = Time spent auto-exploring this place.
 F = Levels seen in this place.
 G = Mean time per level.
                   A        B        C        D        E       F      G
               +--------+--------+--------+--------+--------+-----+--------+
         Total |   1657 |   1645 |     12 |    289 |   1039 |   2 |  828.5 |
       Dungeon |   1657 |   1645 |     12 |    289 |   1039 |   2 |  828.5 |
               +--------+--------+--------+--------+--------+-----+--------+

Top non-repeatable levels by time:
     D:1: 891 daAuts
     D:2: 765 daAuts
